 Dungeon Crawl Stone Soup version 0.26-b1-32-g5d43845318 (webtiles) character file.

Game seed: 14996438420418057611

116 Dirian the Chopper (level 5, -2/46 HPs)
             Began as a Hill Orc Fighter on Jan 12, 2021.
             Slain by Natasha (8 damage)
             ... on level 2 of the Dungeon.
             The game lasted 00:01:44 (1149 turns).

Dirian the Chopper (Hill Orc Fighter)               Turns: 1149, Time: 00:01:45

Health: -2/46      AC:  7    Str: 20    XL:     5   Next: 1%
Magic:  5/5        EV:  7    Int:  8    God:
Gold:   69         SH:  9    Dex: 10    Spells: 4/4 levels left

rFire    . . .     SeeInvis .   a - +0 war axe
rCold    . . .     Faith    .   c - +0 kite shield
rNeg     . . .     Spirit   .   b - +0 scale mail
rPois    .         Reflect  .   (no helmet)
rElec    .         Harm     .   (no cloak)
rCorr    .         Rampage  .   (no gloves)
Will     .....                  (no boots)
Stlth    ..........             (no amulet)
HPRegen  0.15/turn              (no ring)
MPRegen  0.09/turn              (no ring)

@: slowed, very slow
A: no striking features
a: no special abilities


You were on level 2 of the Dungeon.
You visited 1 branch of the dungeon, and saw 2 of its levels.

You collected 69 gold pieces.

Inventory:

Hand Weapons
 a - a +0 war axe (weapon)
Armour
 b - a +0 scale mail (worn)
 c - a +0 kite shield (worn)
 k - a +0 chain mail
Jewellery
 m - a cursed ring of teleportation {unknown}
Scrolls
 d - 2 scrolls of remove curse {unknown}
 e - 5 scrolls of identify {unknown}
 f - a scroll of teleportation {unknown}
 l - 2 scrolls of enchant armour {unknown}
Potions
 g - 4 potions of curing {unknown}
 h - a potion of degeneration {unknown}
 i - a potion of berserk rage {unknown}
 j - a potion of heal wounds {unknown}
 n - a potion of ambrosia {unknown}


   Skills:
 + Level 4.3 Fighting
 + Level 4.6 Axes
 + Level 3.9 Armour
 + Level 4.1 Shields


You had 4 spell levels left.
You didn't know any spells.
Your spell library was empty.

Dungeon Overview and Level Annotations

Branches:
Dungeon (2/15)

Altars:
Ru

Annotations:
D:2 Natasha


Message History

You block Natasha's attack. Natasha casts a spell at you.
The magic dart hits you.
You closely miss Natasha.
Natasha is almost dead.
Natasha claws you.
The crimson imp blinks!
Natasha claws you.
* * * LOW HITPOINT WARNING * * *
You closely miss Natasha.
Natasha is almost dead.
Natasha mumbles some strange words.
Natasha stares at you and mumbles some strange words.
The magic dart hits you!
* * * LOW HITPOINT WARNING * * *
You hit Natasha but do no damage.
Natasha is almost dead.
Natasha barely misses you. You block Natasha's attack.
You closely miss Natasha.
Natasha is almost dead.
You block Natasha's attack. Natasha claws you!
You die...

#####........###.###.#....
#≈≈≈#######.###...........
#≈_≈# #.##.....#.#....
#...# #.#........#....
#.≈.# #...........#...
#...# ###.)÷......#...
#.≈.# ###.....#......
#...########......##.#####
#.≈.#...<@h5.....###.#####
##...#.#####5.....#
#...... #≈.≈.≈.# #.....##
####### #.≈.≈..# ##...##
#......# ##### ########


You could see Natasha and 2 crimson imps.

Vanquished Creatures
  Natasha (twice) (D:2)
  An adder (D:2)
  An ooze (D:1)
  A worm (D:2)
  3 leopard geckos
  2 ball pythons
  5 giant cockroaches (D:1)
  3 goblins
  10 hobgoblins
  7 kobolds
  5 bats
  5 frilled lizards
  4 rats
49 creatures vanquished.

Notes
Turn   | Place    | Note
-------+----------+-------------------------------------------
     0 | D:1      | Dirian the Hill Orc Fighter began the quest for the Orb.
     0 | D:1      | Reached XP level 1. HP: 19/19 MP: 1/1
    38 | D:1      | Reached XP level 2. HP: 21/27 MP: 2/2
   191 | D:1      | You fall into a shaft and drop 1 floor!
   223 | D:2      | Noticed Natasha
   232 | D:2      | Killed Natasha
   233 | D:2      | Reached XP level 3. HP: 23/33 MP: 3/3
   400 | D:1      | Reached XP level 4. HP: 30/40 MP: 4/4
  1079 | D:2      | Noticed Natasha
  1087 | D:2      | Killed Natasha
  1088 | D:2      | Reached XP level 5. HP: 46/46 MP: 5/5
  1124 | D:2      | Found a sacrificial altar of Ru.
  1132 | D:2      | Noticed Natasha
  1149 | D:2      | Slain by Natasha

Illustrated notes

Levels and vault maps discovered:
D:1:      lightli_arrival_isolated_outpost, layout_rooms, minivault_11,
          minmay_worlds_worst_comb
D:2:      layout_loops_ring, st_stairs_9, kennysheep_pointless_box,
          nicolae_ru_path_of_blood, uniq_terence, uniq_natasha, uniq_jessica

Skill      XL: |  1  2  3  4 |
---------------+-------------+-----
Axes           | 3 4 |  4.6
Fighting       | 4 |  4.3
Shields        | 4 |  4.1
Armour         | |  3.9

Action                   |  1- 3 |  4- 6 || total
-------------------------+-------+-------++-------
Melee: War axe           |    76 |    62 ||   138
  Use: Potion            |     1 |       ||     1
Armor: Scale mail        |    43 |    21 ||    64
Dodge: Dodged            |    22 |    25 ||    47
Block: Kite shield       |    47 |    29 ||    76
